 Dungeon Sprint DCSS version 0.19.0-24-gb05acd6 (webtiles) character file.

1800000 igo the Executioner (level 17, -3/173 HPs)
             Began as a Ghoul Warper on Nov 22, 2016.
             Was a Priest of Makhleb.
             Killed from afar by a large bag of meat (64 damage)
             ... with an exploding inner flame
             ... in the Dungeon (Sprint VIII: "Arena of Blood").
             The game lasted 00:00:54 (18 turns).

igo the Executioner (Ghoul Warper)                    Turns: 18, Time: 00:00:54

Health: -3/173     AC:  3    Str: 20    XL:     17   Next: 12%
Magic:  4/38       EV: 20    Int:  8    God:    Makhleb [***...]
Gold:   0          SH:  0    Dex: 10    Spells: 0 memorised, 53 levels left

rFire  . . .     SeeInvis .     l - +∞ Axe of Woe
rCold  + . .     Gourm    .     b - +0 leather armour
rNeg   + + +     Faith    .     (shield currently unavailable)
rPois  ∞         Spirit   .     (no helmet)
rElec  .         Reflect  .     (no cloak)
rCorr  .         Harm     .     (no gloves)
MR     +....     NoTele   +     (no boots)
Stlth  +++++++...               (no amulet)
                                (no ring)
                                (no ring)

@: rotting
A: rotting body, claws 1, carnivore 3, cold resistance 1, negative energy
resistance 3, slow regeneration 1, torment resistance, unbreathing
a: Minor Destruction, Lesser Servant of Makhleb, Renounce Religion


You were in the Dungeon.
You worshipped Makhleb.
Makhleb was most pleased with you.
You were not hungry.

You visited 1 branch

Inventory:

Hand Weapons
 a - a +0 hand axe
 l - the +∞ Axe of Woe (weapon)
   (You found it in the Dungeon)
Missiles
 e - 5 tomahawks of dispersal (quivered)
Armour
 b - a +0 leather armour (worn)
Scrolls
 d - 2 scrolls of blinking
Potions
 g - a potion of curing
 h - a potion of heal wounds
 i - a potion of haste
 j - 2 potions of magic
 k - a potion of berserk rage
Books
 c - a book of Spatial Translocations

   Spells                             Type                      Level
   a - Blink                          Translocation                2
   b - Shroud of Golubria             Charms/Translocation         2
   c - Lesser Beckoning               Translocation                3
   d - Portal Projectile              Translocation                3
   e - Teleport Other                 Translocation                3
   f - Passage of Golubria            Translocation                4
Comestibles
 f - a meat ration


   Skills:
 + Level 21.3 Fighting
 * Level 24.1 Axes
 + Level 6.6 Throwing
 + Level 7.1 Armour
 + Level 16.9 Dodging
 * Level 19.3 Stealth
 + Level 18.9 Spellcasting
   Level 2.6 Translocations
 * Level 17.9 Invocations


You had 53 spell levels left.
You didn't know any spells.

Dungeon Overview and Level Annotations

Branches:
Dungeon (1/1)

Altars:
Makhleb


Innate Abilities, Weirdness & Mutations

Your body is rotting away.
You thrive on raw meat.
You are immune to poison.
You have sharp fingernails.
You are carnivorous and can eat meat at any time.
Your flesh is cold resistant. (rC+)
You are immune to negative energy. (rN+++)
You regenerate slowly when monsters are visible.
You are immune to unholy pain and torment.
You can survive without breathing.


Message History

You hear a shout! x2
The meat berserker appears out of thin air!
A meat berserker comes into view. It is wielding a +9 battleaxe.
You hear a shout! x2
The bag of meat barely misses you.
You hear a shout! x2 2 orcs come into view.
The bag of meat shouts! x2; You hear a shout! x5
The large bag of meat hits you with a +9 giant spiked club!!!
The meat berserker hits you with a +9 battleaxe!!!
You hear a shout! x2
An orc and 2 ogres come into view.
Unknown command.
The large bag of meat shouts!
The bag of meat shouts! x2
You slice the large bag of meat!!
You slaughter the large bag of meat joyfully.
The large bag of meat explodes!
The fiery explosion engulfs the bag of meat. x2
The fiery explosion engulfs you!
You die...

.....## ##O..OC
....... ....oo.
o......#.#......
...............#
...o............
................
.....o§........
.....o§@Oo.....
..#...§oO.#.o..
#....)).# .
.###....)).###...
......###........
......._..)......
..O.#.....#......
....#_.<._#......
.. #.....#......


You could see a large bag of meat (inner flame), 5 meat berserkers and 9 bags of
meat.

Vanquished Creatures
  2 ogres (D)
  6 orcs (D)
8 creatures vanquished.

Notes
Turn   | Place    | Note
-------+----------+-------------------------------------------
     0 | D        | igo the Ghoul Warper began the quest for the Orb.
     0 | D        | Reached XP level 1. HP: 17/17 MP: 2/2
     3 | D        | Noticed a bag of meat
     4 | D        | Became a worshipper of Makhleb the Destroyer
     6 | D        | Noticed a bag of meat
     6 | D        | Noticed a bag of meat
     7 | D        | Noticed a meat berserker
     9 | D        | Killed a bag of meat
     9 | D        | Reached skill level 15 in Fighting
     9 | D        | Reached skill level 13 in Axes
     9 | D        | Reached XP level 2. HP: 48/48 MP: 2/15
     9 | D        | Reached XP level 3. HP: 55/55 MP: 2/16
     9 | D        | Reached XP level 4. HP: 62/62 MP: 2/18
     9 | D        | Reached XP level 5. HP: 69/69 MP: 2/19
     9 | D        | Reached XP level 6. HP: 77/77 MP: 2/21
     9 | D        | Reached XP level 7. HP: 83/83 MP: 2/22
     9 | D        | Reached XP level 8. HP: 91/91 MP: 2/24
     9 | D        | Reached XP level 9. HP: 97/97 MP: 2/25
     9 | D        | Reached XP level 10. HP: 105/105 MP: 2/26
     9 | D        | Reached XP level 11. HP: 112/112 MP: 2/27
     9 | D        | Reached XP level 12. HP: 119/119 MP: 2/28
    10 | D        | Noticed a bag of meat
    10 | D        | Noticed a bag of meat
    10 | D        | Noticed a bag of meat
    10 | D        | Noticed a meat berserker
    10 | D        | Killed a meat berserker
    10 | D        | Reached * piety under Makhleb
    10 | D        | Reached skill level 17 in Axes
    10 | D        | Reached skill level 5 in Throwing
    10 | D        | Reached skill level 5 in Armour
    10 | D        | Reached skill level 15 in Spellcasting
    10 | D        | Reached skill level 10 in Invocations
    10 | D        | Reached XP level 13. HP: 132/132 MP: 2/31
    10 | D        | Reached XP level 14. HP: 140/140 MP: 2/32
    10 | D        | Killed a bag of meat
    10 | D        | Reached skill level 18 in Axes
    11 | D        | Noticed a bag of meat
    11 | D        | Killed a bag of meat
    11 | D        | Reached skill level 19 in Axes
    11 | D        | Reached XP level 15. HP: 150/150 MP: 2/34
    11 | D        | Killed a meat berserker
    11 | D        | Reached ** piety under Makhleb
    11 | D        | Reached skill level 21 in Axes
    11 | D        | Reached skill level 15 in Dodging
    11 | D        | Reached skill level 15 in Invocations
    11 | D        | Reached XP level 16. HP: 162/162 MP: 2/36
    12 | D        | Noticed a large bag of meat
    14 | D        | Reached skill level 22 in Axes
    14 | D        | Reached skill level 23 in Axes
    14 | D        | Reached *** piety under Makhleb
    14 | D        | Reached skill level 24 in Axes
    14 | D        | Reached XP level 17. HP: 173/173 MP: 3/38
    15 | D        | Noticed a large bag of meat
    15 | D        | Noticed a meat berserker
    16 | D        | Noticed a meat berserker
    17 | D        | Noticed a meat berserker
    18 | D        | Noticed a meat berserker
    18 | D        | Noticed a meat berserker
    18 | D        | Killed a large bag of meat
    18 | D        | Killed from afar by a large bag of meat

Skill      XL: |  1  2  3  4  5  6  7  8  9 10 11 12 13 14 15 16 |
---------------+-------------------------------------------------+-----
Fighting       | 15 17 18 19 21 | 21.3
Axes           | 13 17 19 21 24 | 24.1
Throwing       | 4 5 6 |  6.6
Armour         | 4 5 6 7 |  7.1
Dodging        | 12 13 14 15 16 | 16.9
Spellcasting   | 13 15 16 17 18 | 18.9
Stealth        | 11 14 16 19 | 19.3
Invocations    | 10 13 15 17 | 17.9
Translocations | |  2.6

Action                   |  1- 3 |  4- 6 |  7- 9 | 10-12 | 13-15 | 16-18 || total
-------------------------+-------+-------+-------+-------+-------+-------++-------
Melee: Executioner's axe |     1 |       |       |     1 |     1 |     2 ||     5
Dodge: Dodged            |       |       |       |       |       |     1 ||     1
